 Dungeon Sprint DCSS version 0.17-a0-1570-g74b7129 (webtiles) character file.

4454 tt080 the Bewitcher (level 10, -2/40 HPs)
             Began as a Felid Enchanter on July 23, 2015.
             Was the Champion of Sif Muna.
             Engulfed by a cloud of steam (12 damage)
             ... in the Dungeon (Sprint I: "Red Sonja").
             The game lasted 00:17:24 (2994 turns).

tt080 the Bewitcher (Felid Enchanter)               Turns: 2994, Time: 00:17:24

Health: -2/40      AC:  2    Str:  4    XL:     10   Next: 15%
Magic:  20/26      EV: 29    Int: 19    God:    Sif Muna [******]
Gold:   76         SH:  0    Dex: 18    Spells: 9 memorised, 7 levels left
                                        Lives:  0   Deaths: 2

rFire  . . .     SeeInvis +       - Unarmed
rCold  . . .     Clarity  .     (armour unavailable)
rNeg   . . .     SustAt   .     (shield unavailable)
rPois  .         Gourm    .     (helmet unavailable)
rElec  .         Spirit   .     (cloak unavailable)
rCorr  +         Warding  .     (gloves unavailable)
rMut   .         NoTele   +     (boots unavailable)
MR     +....                    m - amulet of resist corrosion
Stlth  +++++++++.               (no ring)
                                (no ring)

@: very slightly contaminated, hasted, very quick, somewhat resistant to hostile
enchantments, incredibly stealthy
A: no armour, no weapons or thrown items, claws 1, fangs 3, see invisible,
carnivore 3, speed 1, shaggy fur 2, slow metabolism 1, sharp paws
a: Channel Energy, Forget Spell, Renounce Religion


You were in the Dungeon.
You worshipped Sif Muna.
Sif Muna was exalted by your worship.
You were not hungry.

You visited 1 branch You collected 1376 gold pieces.
You spent 1300 gold pieces at shops.

Inventory:

Jewellery
 m - an amulet of resist corrosion (around neck)
Magical devices
 l - a wand of fireball (6)
Scrolls
 r - a scroll of identify {unknown}
Potions
 c - a potion of curing
 e - 2 potions of haste
 f - 2 potions of magic
 g - a potion of cancellation {unknown}
 i - a potion of ambrosia {unknown}
 j - a potion of poison {unknown}
 k - a potion of cure mutation {unknown}
Books
 a - a book of Maledictions

   Spells                             Type                      Level
   a - Corona                         Hexes                        1
   b - Ensorcelled Hibernation        Hexes/Ice                    2
   c - Confuse                        Hexes                        3
   d - Tukima's Dance                 Hexes                        3
   e - Dazzling Spray                 Conjuration/Hexes            3
 n - a Young Poisoner's Handbook

   Spells                             Type                      Level
   a - Sting                          Conjuration/Poison           1
   b - Cure Poison                    Poison                       2
   c - Mephitic Cloud                 Conjuration/Poison/Air       3
   d - Olgreb's Toxic Radiance        Poison                       4
   e - Venom Bolt                     Conjuration/Poison           5
 o - a book of Enchantments

   Spells                             Type                      Level
   a - Cause Fear                     Hexes                        4
   b - Silence                        Hexes/Air                    5
   c - Deflect Missiles               Charms/Air                   6
   d - Haste                          Charms                       6
   e - Discord                        Hexes                        8
 p - a book of the Tempests

   Spells                             Type                      Level
   a - Static Discharge               Conjuration/Air              3
   b - Lightning Bolt                 Conjuration/Air              5
   c - Fireball                       Conjuration/Fire             5
   d - Tornado                        Air                          9
   e - Shatter                        Earth                        9
 q - Yfuduq's Catalogue of the Glacier and Boosts
   (Sif Muna gifted it to you in the Dungeon)

   Spells                             Type                      Level
   a - Infusion                       Charms                       1
   b - Freeze                         Ice                          1
   c - Song of Slaying                Charms                       2
   d - Condensation Shield            Ice                          4
   e - Metabolic Englaciation         Hexes/Ice                    5
 s - a book of Minor Magic

   Spells                             Type                      Level
   a - Magic Dart                     Conjuration                  1
   b - Blink                          Translocation                2
   c - Call Imp                       Summoning                    2
   d - Repel Missiles                 Charms/Air                   2
   e - Slow                           Hexes                        2
   f - Conjure Flame                  Conjuration/Fire             3
   g - Mephitic Cloud                 Conjuration/Poison/Air       3
 u - a book of Spatial Translocations

   Spells                             Type                      Level
   a - Apportation                    Translocation                1
   b - Blink                          Translocation                2
   c - Shroud of Golubria             Charms/Translocation         2
   d - Portal Projectile              Translocation                3
   e - Teleport Other                 Translocation                3
   f - Passage of Golubria            Translocation                4
Comestibles
 b - a meat ration
 h - a royal jelly


   Skills:
 - Level 2.4 Fighting
 - Level 12.2 Dodging
 + Level 19.9 Stealth
 - Level 8.8 Unarmed Combat
 + Level 11.1 Spellcasting
 + Level 19.9 Hexes
 - Level 13.1 Charms
 - Level 6.3 Ice Magic


You had 7 spell levels left.
You knew the following spells:

 Your Spells              Type           Power        Failure   Level  Hunger
a - Corona                Hex            ######.      0%          1    None
b - Ensorcelled Hibernat  Hex/Ice        ######       1%          2    None
c - Confuse               Hex            ######..     0%          3    None
d - Tukima's Dance        Hex            ######..     0%          3    None
e - Dazzling Spray        Conj/Hex       #####...     1%          3    None
f - Mephitic Cloud        Conj/Pois/Air  ##......     21%         3    None
g - Haste                 Chrm           ######..     6%          6    ######.
h - Apportation           Tloc           ##........   10%         1    None
i - Blink                 Tloc           N/A          12%         2    None


Dungeon Overview and Level Annotations

Branches:
Dungeon (1/1)

Altars:
Cheibriados
Dithmenos
Elyvilon
Fedhas
Gozag
Kikubaaqudgha
Makhleb
Nemelex Xobeh
Okawaru
Qazlal
Ru
Sif Muna
Trog
Vehumet
Xom
Yredelemnul
Zin
The Shining One
Jiyva

Shops:
D %:*[(}:=[(:*::([}

Annotations:
D exclusions: 6 doors and fire giant


Innate Abilities, Weirdness & Mutations

You cannot wear armour.
You are incapable of wielding weapons or throwing items.
You have sharp claws.
You have razor-sharp teeth.
You have supernaturally acute eyesight.
You are carnivorous and can eat meat at any time.
You cover ground quickly.
You are covered in thick fur (AC +2).
You have a slow metabolism.
Your sharp claws are effective at attacking unaware monsters.


Message History

You are engulfed in a cloud of scalding steam.
* * * LOW HITPOINT WARNING * * *
Found 108 gold pieces.
You see here 27 gold pieces.
You are engulfed in a cloud of scalding steam.
* * * LOW HITPOINT WARNING * * *
You see here 27 gold pieces.
Drink which item? (? for menu, Esc to quit)
You feel better.
You are engulfed in a cloud of scalding steam.
Really walk into that cloud of steam?
Okay, then.
Casting: Confuse
Confirm with . or Enter, or press ? or * to list all spells.
Aiming: Haste
Press: ? - help, Shift-Dir - straight line, f - you You feel yourself speed up.
You are very lightly contaminated with residual magic.
You are engulfed in a cloud of scalding steam.
You die...

####################
§'..§§§§§..#.§§§§§§#
##§§§§§##..'^^#§@§§#
##§.§#######+#§§§§§
###+# $%## #§§§§§
#§##$$$# ##§$§§
#..###C# #+#
##.#A#$# #..###$#
#.##..$# #.C#'###


There were no monsters in sight!

Vanquished Creatures
  2 fire giants (D)
  2 centaur warriors (D)
  Sonja (D)
  7 unseen horrors (D)
  A deep troll (D)
  A lindwurm (D)
  An oklob plant (D)
  A gargoyle (D)
  2 kobold demonologists (D)
  2 demonic crawlers (D)
  A slime creature (D)
  4 trapdoor spiders (D)
  Sigmund (D)
  A yak (D)
  13 hogs (D)
  A wasp (D)
  7 necrophages (D)
  An ogre (D)
  Ijyb (D)
  8 jellies (D)
  4 giant eyeballs (D)
  6 ballistomycetes (D)
68 creatures vanquished.

Vanquished Creatures (others)
  A gargoyle (D)
  2 giant spores (D)
3 creatures vanquished.

Grand Total: 71 creatures vanquished

Notes
Turn   | Place    | Note
--------------------------------------------------------------
     0 | D        | tt080 the Felid Enchanter began the quest for the Orb.
     0 | D        | Reached XP level 1. HP: 7/7 MP: 4/4
     1 | D        | Noticed Ijyb
    10 | D        | Killed Ijyb
    10 | D        | Reached skill level 6 in Stealth
    10 | D        | Reached XP level 2. HP: 4/11 MP: 5/7
   265 | D        | Noticed an ogre
   271 | D        | Learned a level 2 spell: Ensorcelled Hibernation
   314 | D        | Killed an ogre
   314 | D        | Reached skill level 5 in Dodging
   314 | D        | Reached skill level 8 in Stealth
   314 | D        | Reached XP level 3. HP: 8/14 MP: 0/9
   314 | D        | Reached XP level 4. HP: 10/18 MP: 0/10
   450 | D        | Noticed Sigmund
   455 | D        | Killed Sigmund
   455 | D        | Reached skill level 10 in Stealth
   455 | D        | Reached skill level 10 in Hexes
   455 | D        | Reached XP level 5. HP: 21/21 MP: 9/13
   495 | D        | Found a snail-covered altar of Cheibriados.
   495 | D        | Found a viscous altar of Jiyva.
   495 | D        | Found a shadowy altar of Dithmenos.
   495 | D        | Found a blossoming altar of Fedhas.
   495 | D        | Noticed a slime creature
   505 | D        | Killed a slime creature
   505 | D        | Reached skill level 11 in Stealth
   505 | D        | Reached skill level 5 in Spellcasting
   505 | D        | Gained mutation: You are covered in thick fur (AC +2). [Felid growth]
   505 | D        | Reached XP level 6. HP: 13/24 MP: 9/15
   510 | D        | Learned a level 3 spell: Confuse
   514 | D        | Learned a level 3 spell: Tukima's Dance
   518 | D        | Learned a level 3 spell: Dazzling Spray
   639 | D        | Found a deep blue altar of Sif Muna.
   640 | D        | Noticed a jelly
   641 | D        | Found a radiant altar of Vehumet.
   646 | D        | Killed a jelly
   646 | D        | Reached skill level 12 in Stealth
   648 | D        | Became a worshipper of Sif Muna the Loreminder
   683 | D        | Found Girequim's Book Emporium.
   683 | D        | Found a white marble altar of Elyvilon.
   683 | D        | Found a stormy altar of Qazlal.
   683 | D        | Found a burning altar of Makhleb.
   683 | D        | Found a sacrificial altar of Ru.
   683 | D        | Found a basalt altar of Yredelemnul.
   683 | D        | Found a glowing golden altar of the Shining One.
   683 | D        | Found a sparkling altar of Nemelex Xobeh.
   683 | D        | Found a shimmering altar of Xom.
   683 | D        | Found an opulent altar of Gozag.
   683 | D        | Found an ancient bone altar of Kikubaaqudgha.
   683 | D        | Found a glowing silver altar of Zin.
   683 | D        | Noticed a yak
   684 | D        | Found an iron altar of Okawaru.
   685 | D        | Killed a yak
   685 | D        | Reached skill level 1 in Ice Magic
   685 | D        | Reached XP level 7. HP: 27/27 MP: 16/16
   686 | D        | Found a bloodstained altar of Trog.
   696 | D        | Noticed Sonja
   700 | D        | Killed Sonja
   700 | D        | Acquired Sif Muna's first power
   700 | D        | Acquired Sif Muna's second power
   700 | D        | Reached skill level 13 in Stealth
   700 | D        | Reached skill level 5 in Unarmed Combat
   700 | D        | Reached XP level 8. HP: 31/31 MP: 16/18
   717 | D        | Found Qoijat's Food Boutique.
   764 | D        | Noticed a kobold demonologist
   765 | D        | Noticed a kobold demonologist
   767 | D        | Killed a kobold demonologist
   767 | D        | Reached skill level 14 in Stealth
   769 | D        | Killed a kobold demonologist
   775 | D        | Noticed a demonic crawler
   775 | D        | Noticed a demonic crawler
   775 | D        | Noticed a demonic crawler
   775 | D        | Noticed a demonic crawler
   777 | D        | Killed a demonic crawler
   777 | D        | Reached skill level 10 in Dodging
   777 | D        | Reached skill level 15 in Hexes
   778 | D        | Killed a demonic crawler
   778 | D        | Reached skill level 15 in Stealth
   778 | D        | Reached XP level 9. HP: 34/34 MP: 19/21
  1033 | D        | Noticed a centaur warrior
  1033 | D        | Noticed a centaur warrior
  1038 | D        | Killed a centaur warrior
  1038 | D        | Acquired Sif Muna's third power
  1038 | D        | Reached skill level 16 in Hexes
  1038 | D        | Reached skill level 5 in Ice Magic
  1039 | D        | Killed a centaur warrior
  1119 | D        | Noticed a wasp
  1122 | D        | Killed a wasp
  1134 | D        | Noticed an oklob plant
  1136 | D        | Killed an oklob plant
  1136 | D        | Reached XP level 10. HP: 37/37 MP: 23/23
  1150 | D        | Noticed a deep troll
  1165 | D        | Killed a deep troll
  1165 | D        | Reached skill level 17 in Stealth
  1218 | D        | Found Disoreolo's Armour Emporium.
  1225 | D        | Killed a gargoyle
  1507 | D        | Noticed a trapdoor spider
  1508 | D        | Killed a trapdoor spider
  1514 | D        | Noticed a trapdoor spider
  1515 | D        | Noticed a trapdoor spider
  1520 | D        | Killed a trapdoor spider
  1634 | D        | Killed a trapdoor spider
  1655 | D        | Noticed a trapdoor spider
  1658 | D        | Killed a trapdoor spider
  1700 | D        | Noticed an unseen horror
  1701 | D        | Noticed an unseen horror
  1705 | D        | Killed an unseen horror
  1705 | D        | Received a gift from Sif Muna
  1705 | D        | Reached skill level 1 in Fighting
  1710 | D        | Killed an unseen horror
  1710 | D        | Reached skill level 18 in Hexes
  1720 | D        | Learned a level 3 spell: Mephitic Cloud
  1747 | D        | Bought a book of Enchantments for 650 gold pieces
  1754 | D        | Learned a level 6 spell: Haste
  1782 | D        | Noticed a jelly
  1782 | D        | Noticed a jelly
  1782 | D        | Noticed a jelly
  1783 | D        | Noticed a jelly
  1783 | D        | Noticed a jelly
  1783 | D        | Noticed a jelly
  1783 | D        | Noticed a jelly
  1784 | D        | Noticed a necrophage
  1785 | D        | Noticed a necrophage
  1785 | D        | Noticed a necrophage
  1786 | D        | Killed a jelly
  1786 | D        | Reached skill level 1 in Charms
  1787 | D        | Noticed a necrophage
  1787 | D        | Noticed a necrophage
  1788 | D        | Killed a jelly
  1799 | D        | Killed a jelly
  1802 | D        | Killed a necrophage
  1804 | D        | Killed a jelly
  1806 | D        | Killed a jelly
  1808 | D        | Killed a jelly
  1885 | D        | Noticed a necrophage
  1885 | D        | Noticed a necrophage
  1899 | D        | Killed a necrophage
  1901 | D        | Killed a jelly
  1903 | D        | Killed a necrophage
  1903 | D        | Reached skill level 5 in Charms
  1916 | D        | Killed a necrophage
  1929 | D        | Killed a necrophage
  1940 | D        | Killed a necrophage
  1943 | D        | Killed a necrophage
  2040 | D        | Found Xutaeh's Antique Armour Shoppe.
  2040 | D        | Found Werypn's General Store.
  2040 | D        | Found Kimen's Antique Weapon Boutique.
  2042 | D        | Found Munor's Gadget Emporium.
  2042 | D        | Found Ogguem's Book Shop.
  2042 | D        | Found Cuej's Jewellery Shoppe.
  2042 | D        | Found Wicrydot's Antique Armour Boutique.
  2042 | D        | Found Lib Dowa's Weapon Emporium.
  2042 | D        | Found Hunamylo's Book Shop.
  2042 | D        | Found Qaaje's Assorted Antiques.
  2047 | D        | Found Begefege's Book Boutique.
  2048 | D        | Found Xamear's Weapon Emporium.
  2048 | D        | Found Cuoklos's Book Boutique.
  2049 | D        | Found Ynlorydu's Gadget Emporium.
  2102 | D        | Noticed a gargoyle
  2111 | D        | Killed a gargoyle
  2119 | D        | Noticed a lindwurm
  2122 | D        | Killed a lindwurm
  2122 | D        | Received a gift from Sif Muna
  2123 | D        | Identified Yfuduq's Catalogue of the Glacier and Boosts (Sif Muna gifted it to you in the Dungeon)
  2146 | D        | Noticed a hog
  2146 | D        | Noticed a hog
  2146 | D        | Noticed a hog
  2146 | D        | Noticed a hog
  2146 | D        | Noticed a hog
  2147 | D        | Noticed a hog
  2148 | D        | Noticed a hog
  2148 | D        | Noticed a hog
  2148 | D        | Noticed a hog
  2148 | D        | Noticed a hog
  2148 | D        | Noticed a hog
  2151 | D        | Killed a hog
  2151 | D        | Reached skill level 10 in Charms
  2153 | D        | Killed a hog
  2153 | D        | Reached XP level 11. HP: 29/43 MP: 17/24
  2155 | D        | Noticed a hog
  2156 | D        | Killed a hog
  2157 | D        | Killed a hog
  2159 | D        | Noticed a hog
  2159 | D        | Killed a hog
  2160 | D        | Killed a hog
  2165 | D        | Killed a hog
  2167 | D        | Killed a hog
  2169 | D        | Killed a hog
  2177 | D        | Killed a hog
  2187 | D        | Killed a hog
  2187 | D        | Received a gift from Sif Muna
  2189 | D        | Killed a hog
  2191 | D        | Killed a hog
  2264 | D        | Bought a book of Spatial Translocations for 650 gold pieces
  2266 | D        | Learned a level 1 spell: Apportation
  2269 | D        | Learned a level 2 spell: Blink
  2305 | D        | Noticed a shining eye
  2305 | D        | Noticed a shining eye
  2305 | D        | Noticed a shining eye
  2309 | D        | Paralysed by a giant eyeball for 3 turns
  2317 | D        | Paralysed by a giant eyeball for 2 turns
  2353 | D        | Paralysed by a giant eyeball for 2 turns
  2446 | D        | Noticed a daeva
  2450 | D        | Noticed an unseen horror
  2450 | D        | Noticed an unseen horror
  2450 | D        | Noticed an unseen horror
  2450 | D        | Noticed an unseen horror
  2454 | D        | Killed an unseen horror
  2456 | D        | Killed an unseen horror
  2458 | D        | Killed an unseen horror
  2459 | D        | Noticed an unseen horror
  2461 | D        | Killed an unseen horror
  2463 | D        | Killed an unseen horror
  2463 | D        | Reached skill level 19 in Stealth
  2463 | D        | Reached skill level 10 in Spellcasting
  2577 | D        | Noticed a fire giant
  2580 | D        | Noticed a fire giant
  2581 | D        | Noticed a fire giant
  2582 | D        | Noticed a fire giant
  2584 | D        | Killed a fire giant
  2584 | D        | Received a gift from Sif Muna
  2590 | D        | Killed from afar by a fire giant
  2591 | D        | Reached XP level 10. HP: -2/40 MP: 23/25
  2935 | D        | Slain by a fire giant
  2936 | D        | Reached XP level 9. HP: -5/37 MP: 16/24
  2948 | D        | Killed a fire giant
  2948 | D        | Reached XP level 10. HP: 40/40 MP: 23/26
  2994 | D        | Engulfed by a cloud of steam

Vault maps used:
D:        dungeon_sprint_1

Action                   |  1- 3 |  4- 6 |  7- 9 | 10-12 || total
-------------------------+-------+-------+-------+-------++-------
Melee: Unarmed           |     8 |     6 |    14 |   100 ||   128
 Cast: Ensorcelled Hiber |     5 |     3 |     2 |    42 ||    52
       Confuse           |       |       |     4 |    24 ||    28
       Haste             |       |       |       |     1 ||     1
  Use: Potion            |     1 |       |       |     3 ||     4
       Scroll            |       |       |     1 |       ||     1
 Stab: Sleeping          |     3 |     6 |     9 |    36 ||    54
       Confused          |       |       |       |     8 ||     8
  Eat: Chunk             |       |       |       |    11 ||    11
